AoeStats
← K

Black Forest

509155709Analyzed
4v4 RM · 8d ago on Sep 25, 2026· 68m 28s· 8 players
Game mode
Random Map
Map size
Large (8 player)
Population
200
Speed
Normal
Resources
Standard
Victory
Conquest
Starting age
Dark Age
Ending age
Imperial Age
RankedLock teamsTeams togetherTeam positionsShared explorationLock speedFull tech treeHidden civsTurbo modeCheats
Victory
Defeat
🇬🇧 Dravidians · United Kingdom
1165
+12
🇨🇭 Mongols · Switzerland
1151
+13
🇷🇺 Saxons · Russia
1014
+19
🇨🇳 Jurchens · China
999
+19
🇫🇮 Danes · Finland
1118
-17
🇺🇸 Britons · United States
1099
-17
🇨🇦 Varangians · Canada
1061
-15
🇩🇪 Hindustanis · Germany
1038
-14
M@xAttacks
10:54 Feudal Age
11:59 Loom
15:33 Castle Age
13:36 Double-Bit Axe
14:16 Horse Collar
14:23 Fishing Lines
19:34 Bow Saw
23:13 Husbandry
23:23 Bloodlines
24:30 Heavy Plow
25:09 Gillnets
27:38 Wheelbarrow
26:48 Town Watch
30:40 Imperial Age
28:08 Gold Mining
29:20 Stone Mining
30:08 Gold Shaft Mining
29:45 Forging
29:40 Scale Barding Armor
29:37 Husbandry
29:48 Bloodlines
30:47 Stone Shaft Mining
31:28 Iron Casting
30:49 Heavy Camel Rider
31:48 Hand Cart
32:38 Two-Man Saw
32:00 Chain Barding Armor
32:44 Chemistry
31:48 Town Patrol
33:10 Imperial Camel Rider
34:48 Coinage
36:04 Banking
35:35 Caravan
36:56 Blast Furnace
36:32 Plate Barding Armor
38:16 Ballistics
38:30 Conscription
38:15 Grand Trunk Road
39:38 Light Cavalry
40:54 Grand Trunk Road
42:22 Hoardings
43:46 Shatagni
45:43 Fletching
45:53 Padded Archer Armor
45:55 Hussar
47:40 Leather Archer Armor
47:22 Bodkin Arrow
49:29 Masonry
49:24 Siege Engineers
49:15 Murder Holes
49:21 Bracer
56:10 Ring Archer Armor
61:03 Elite Cannon Galleon
Ay! Cabron
0:26 Loom
12:06 Feudal Age
15:49 Castle Age
13:50 Double-Bit Axe
13:57 Gold Mining
15:28 Horse Collar
16:02 Fletching
23:16 Bodkin Arrow
31:33 Town Watch
49:26 Town Patrol
50:01 Wheelbarrow
50:38 Caravan
53:30 Imperial Age
51:30 Ballistics
54:38 Bracer
56:19 Chemistry
55:33 Padded Archer Armor
57:45 Conscription
61:39 Yeomen
65:00 Pikeman
65:40 Squires
65:58 Forging
65:49 Scale Mail Armor
68:19 Iron Casting
67:59 Chain Mail Armor
BJL
0:46 Loom
13:19 Feudal Age
13:53 Double-Bit Axe
15:11 Fishing Lines
18:03 Castle Age
15:52 Horse Collar
18:42 Gillnets
19:07 Bow Saw
21:18 Heavy Plow
22:13 Gold Mining
22:15 Stone Mining
23:44 Wheelbarrow
29:32 Imperial Age
28:02 Bloodlines
29:10 Scale Barding Armor
29:52 Husbandry
31:11 Conscription
31:07 Caravan
31:21 Forging
32:17 Chain Barding Armor
33:51 Two-Man Saw
33:35 Iron Casting
33:52 Hand Cart
34:30 Plate Barding Armor
35:28 Blast Furnace
35:15 Elite Jarl
39:45 Siege Engineers
39:51 Masonry
39:36 Murder Holes
41:28 Chemistry
40:52 Fortified Wall
41:34 Ballistics
41:05 Fletching
43:31 Bodkin Arrow
43:37 Scale Mail Armor
43:37 Padded Archer Armor
44:11 Architecture
43:21 Treadmill Crane
52:46 Bracer
57:10 Onager
JollyWoNKa
1:02 Loom
22:07 Feudal Age
27:12 Castle Age
26:00 Double-Bit Axe
26:07 Horse Collar
26:31 Stone Mining
37:21 Squires
37:07 Gambesons
37:08 Arson
37:23 Gold Mining
40:27 Scale Mail Armor
40:19 Fletching
40:40 Forging
41:34 Wheelbarrow
40:44 Town Watch
40:57 Hamask
42:00 Elite Skirmisher
43:06 Heavy Plow
43:33 Thumb Ring
48:44 Imperial Age
46:45 Bow Saw
52:12 Hand Cart
54:08 Pikeman
54:56 Halberdier
56:35 Ballistics
57:15 Chemistry
56:27 Masonry
56:56 Chain Mail Armor
65:34 Plate Mail Armor
PBILLOTTE
2:38 Loom
3:27 Loom
11:52 Feudal Age
14:56 Double-Bit Axe
17:17 Castle Age
15:47 Fishing Lines
18:51 Wheelbarrow
18:54 Bow Saw
21:04 Horse Collar
23:31 Heavy Plow
25:03 Gillnets
25:21 Fletching
25:42 Gold Mining
25:44 Stone Mining
27:06 Bodkin Arrow
28:48 Treadmill Crane
29:29 Ballistics
29:19 Masonry
29:30 Murder Holes
29:30 Guard Tower
29:55 Forging
29:45 Scale Mail Armor
30:12 Gambesons
30:28 Squires
30:13 Arson
29:48 Man-at-Arms
29:54 Pikeman
31:22 Iron Casting
31:03 Fortified Wall
34:01 Imperial Age
31:20 Town Watch
32:03 Hand Cart
32:17 Chain Mail Armor
34:20 Capped Ram
35:47 Architecture
35:03 Arrowslits
36:19 Chemistry
35:27 Bracer
35:57 Plate Mail Armor
36:42 Conscription
35:43 Shield Wall
37:06 Gold Shaft Mining
37:52 Scale Barding Armor
37:47 Padded Archer Armor
37:56 Siege Engineers
38:26 Keep
37:18 Siege Ram
38:58 Hoardings
39:43 Two-Man Saw
39:04 Elite Hearth Troop
41:23 Crop Rotation
40:58 Elite Varangian Guard
41:00 Halberdier
44:33 Keep
44:45 Long Swordsman
46:13 Onager
50:14 Two-Handed Swordsman
52:44 Champion
58:59 Guilds
68:26 Caravan
Mr. Bolivar
1:23 Loom
3:35 Loom
12:16 Feudal Age
15:17 Wheelbarrow
17:28 Castle Age
15:30 Double-Bit Axe
16:33 Horse Collar
16:45 Stone Mining
16:55 Gold Mining
19:02 Bow Saw
25:16 Fletching
25:28 Padded Archer Armor
26:19 Heavy Plow
27:21 Hand Cart
27:03 Bodkin Arrow
28:04 Gold Shaft Mining
29:03 Stone Shaft Mining
33:03 Imperial Age
30:49 Leather Archer Armor
31:03 Scale Barding Armor
31:09 Forging
32:25 Husbandry
31:47 Light Cavalry
32:37 Bloodlines
32:49 Chain Barding Armor
33:14 Ballistics
33:06 Fortified Wall
34:09 Iron Casting
33:41 Thumb Ring
33:04 Elite Mangudai
34:05 Conscription
34:43 Caravan
34:45 Bracer
35:40 Parthian Tactics
37:08 Hussar
40:06 Chemistry
39:12 Siege Engineers
39:27 Onager
39:27 Capped Ram
41:19 Drill
40:24 Siege Ram
44:32 Siege Onager
YuangXue
12:39 Feudal Age
13:54 Double-Bit Axe
18:12 Castle Age
21:06 Bow Saw
20:39 Horse Collar
23:23 Wheelbarrow
23:55 Scale Barding Armor
24:11 Loom
34:05 Husbandry
37:23 Chain Barding Armor
42:14 Hand Cart
44:35 Imperial Age
48:21 Gold Mining
51:36 Siege Engineers
52:21 Ballistics
53:30 Chemistry
54:36 Caravan
55:40 Treadmill Crane
55:48 Heavy Rocket Cart
58:25 Thunderclap Bombs
59:52 Elite Fire Lancer
60:33 Squires
61:20 Scale Mail Armor
61:31 Forging
62:38 Two-Man Saw
62:52 Pikeman
K
2:01 Loom
28:02 Feudal Age
36:23 Castle Age
34:25 Double-Bit Axe
34:33 Gold Mining
38:04 Pikeman
38:44 Squires
38:30 Gambesons
38:53 Horse Collar
39:27 Bow Saw
42:34 Stone Mining
43:42 Wheelbarrow
42:53 Town Watch
44:36 Arson
49:33 Imperial Age
48:07 Forging
48:02 Scale Barding Armor
47:59 Scale Mail Armor
48:49 Hand Cart
48:54 Heavy Plow
50:41 Conscription
50:59 Iron Casting
50:39 Chain Mail Armor
49:49 Halberdier
52:18 Two-Man Saw
51:22 Fletching
51:33 Padded Archer Armor
52:16 Iron Casting
51:57 Chain Mail Armor
54:18 Blast Furnace
54:33 Plate Mail Armor
57:10 Chemistry
56:29 Light Cavalry
58:11 Wootz Steel
58:21 Ballistics
60:11 Elite Urumi Swordsman
61:29 Hoardings
64:02 Town Patrol
63:55 Fletching
64:06 Padded Archer Armor
63:30 Elite Elephant Archer
64:16 Thumb Ring
64:29 Medical Corps
66:42 Bodkin Arrow
67:03 Leather Archer Armor
Connection lost

Rejoining the realm…

Still unreachable

The connection could not be restored.

Session expired

The server has moved on; the page needs a fresh start.